 Dungeon Crawl Stone Soup version 0.32-a0-886-g41c5271027 (webtiles) character file.

Game seed: 10206345850781102124

417 Lanoc the Grasshopper (level 6, -9/48 HPs)
             Began as a Coglin Warper on Apr 3, 2024.
             Mangled by an ogre
             ... wielding a +0 giant club
              (17 damage)
             ... on level 4 of the Dungeon.
             The game lasted 00:05:56 (3464 turns).

Lanoc the Grasshopper (Coglin Warper)               Turns: 3464, Time: 00:05:56

Health: -9/48      AC:  3    Str: 10 (11) XL:     6   Next: 92%
Magic:  5/8        EV: 11    Int: 10 (12) God:
Gold:   107        SH:  0    Dex: 13 (16) Spells: 3/8 levels left

rFire   . . .        a - +0 spear {Ashmeen}
rCold   . . .        e - +0 dagger {Haeun}
rNeg    . . .        b - +0 leather armour
rPois   .            (no helmet)
rElec   .            (no cloak)
rCorr   .            (no gloves)
SInv    .            (no boots)
Will    .....        (amulet unavailable)
Stlth   +            (ring unavailable)
HPRegen 0.28/turn    (ring unavailable)
MPRegen 0.11/turn    (no gizmo)

%: no passive effects
@: revved
A: off-hand wielding, slow wielding, warmup strikes, no jewellery
a: Invent Gizmo


You were on level 4 of the Dungeon.
You visited 1 branch of the dungeon, and saw 4 of its levels.
You also visited: Sewer.

You collected 107 gold pieces.

Inventory:

Hand Weapons
 a - a +0 spear (weapon) {Ashmeen}
 e - a +0 dagger (offhand) {Haeun}
Missiles
 d - 7 darts of dispersal
 m - 24 poisoned darts (quivered)
 t - a curare-tipped dart
Armour
 b - a +0 leather armour (worn)
Scrolls
 c - 3 scrolls of blinking
 f - a scroll of teleportation {unknown}
 h - 3 scrolls of identify {unknown}
 l - a scroll of noise {unknown}
 o - 2 scrolls of fog {unknown}
 q - a scroll of enchant weapon {unknown}
 r - 3 scrolls of butterflies {unknown}
Potions
 g - a potion of enlightenment {unknown}
 j - a potion of berserk rage


   Skills:
 + Level 3.9 Fighting
 - Level 1.7 Polearms
 - Level 0.8 Throwing
 - Level 0.8 Armour
 + Level 3.4 Dodging
 - Level 1.7 Spellcasting
 * Level 5.7 Translocations


You had 3 spell levels left.
You knew the following spells:

 Your Spells              Type           Power      Damage    Failure   Level
a - Blink                 Tloc           24%        N/A       6%          2
b - Maxwell's Portable P  Tloc           12%        2d(6-17)  12%         3

Your spell library contained the following spells:

 Spells                   Type           Power      Damage    Failure   Level
 Lesser Beckoning         Tloc           24%        N/A       6%          2
 Teleport Other           Tloc           12%        N/A       12%         3
 Slow                     Hex            0%         N/A       41%         1
 Confusing Touch          Hex            0%         N/A       78%         3
 Hailstorm                Conj/Ice       0%         3d5       78%         3
 Summon Ice Beast         Ice/Summ       0%         N/A       78%         3
 Vampiric Draining        Necr           0%         2d6       78%         3
 Vhi's Electric Charge    Tloc/Air       12%        N/A       80%         4
 Permafrost Eruption      Ice/Erth       0%         2x4d1     100%        6
 Sculpt Simulacrum        Ice/Alch       0%         N/A       100%        6


Dungeon Overview and Level Annotations

Branches:
Dungeon (4/15)              Sewer (visited)
 Temple: D:4-7

Altars:


Innate Abilities, Weirdness & Mutations

You can wield a second weapon in your off-hand.
It takes a long time for you to wield or remove held weapons.
Your first few attacks do less damage.
You cannot equip rings or amulets.


Message History

The ogre is lightly wounded.
You hit the ogre with your +0 spear. The ogre barely misses you.
You hit the ogre with your +0 dagger.
The ogre is lightly wounded.
You hit the ogre but do no damage.
Found 15 gold pieces.
The ogre attacks as it pursues you! The ogre hits you with a +0 giant club!
Casting: Maxwell's Portable Piledriver (dangerous; 12% risk of failure)
Confirm with . or Enter, or press ? or * to list all spells.
There is nothing nearby that you can slingshot.
You barely miss the ogre with your +0 dagger.
The ogre is lightly wounded.
You hit the ogre with your +0 spear. The ogre barely misses you.
Casting: Maxwell's Portable Piledriver (dangerous; 12% risk of failure)
Confirm with . or Enter, or press ? or * to list all spells.
There is nothing nearby that you can slingshot.
You hit the dart slug with your +0 spear.
The dart slug is moderately wounded.
You hit the dart slug with your +0 dagger.
You hit the dart slug but do no damage.
The dart slug is heavily wounded.
You hit the dart slug with your +0 spear.
The dart slug closely misses you. The ogre hits you with a +0 giant club!
A bombardier beetle comes into view.
The ogre attacks as it pursues you! The ogre barely misses you.
You hit the dart slug with your +0 spear.
The dart slug is almost dead.
You hit the dart slug with your +0 dagger.
You kill the dart slug!
Casting: Maxwell's Portable Piledriver (dangerous; 12% risk of failure)
Confirm with . or Enter, or press ? or * to list all spells.
Casting: Maxwell's Portable Piledriver (dangerous; 12% risk of failure)
Press: ? - help, Dir - look around, f - activate Space contracts around you and the ogre and then re-expands violently!
The ogre slams into the rock wall.
The ogre is heavily wounded.
The ogre hits you with a +0 giant club!!
* * * LOW HITPOINT WARNING * * *
The ogre attacks as it pursues you! The ogre hits you with a +0 giant club!
You die...

### .$###############
#.. ...#.......#
###.#####.#.#####.#
#..............##.#
##.#.#@#####.#.##.##.##
#.....O.####.#........#
#.##.#.......#####.....
# #.##.###### #.##.# .
#.# #.##.# #. .B.
#.##.# # ##... #.##.#
#... #.##.# #...#
#.....


You could see an ogre and a bombardier beetle.

Vanquished Creatures
  3 kobold brigands (Sewer)
  An orc priest (D:3)
  6 adders
  2 river rats (Sewer)
  2 dart slugs
  A ribbon worm (D:3)
  3 orcs (D:3)
  13 endoplasms
  5 giant cockroaches
  4 goblins
  11 hobgoblins
  14 kobolds
  6 quokkas
  9 ball pythons
  5 bats
  5 frilled lizards
  9 rats
99 creatures vanquished.

Notes
Turn   | Place    | Note
-------+----------+-------------------------------------------
     0 | D:1      | Lanoc the Coglin Warper began the quest for the Orb.
     0 | D:1      | Reached XP level 1. HP: 16/16 MP: 3/3
   114 | D:1      | Reached XP level 2. HP: 19/22 MP: 4/4
   387 | D:1      | Reached XP level 3. HP: 28/28 MP: 5/5
   498 | D:1      | Learned a level 2 spell: Blink
  1460 | D:2      | Reached skill level 4 in Translocations
  1653 | D:3      | Reached XP level 4. HP: 31/34 MP: 6/6
  1745 | D:3      | Found a glowing drain.
  1841 | Sewer    | Entered a sewer
  1906 | Sewer    | Reached XP level 5. HP: 30/41 MP: 7/7
  2114 | Sewer    | Noticed a kobold brigand
  2135 | Sewer    | Killed a kobold brigand
  2136 | Sewer    | Reached skill level 5 in Translocations
  2240 | Sewer    | Reached XP level 6. HP: 47/47 MP: 8/8
  2319 | Sewer    | HP: 1/47 [kobold brigand/+0 short sword (7)]
  3143 | D:3      | Learned a level 3 spell: Maxwell's Portable Piledriver
  3464 | D:4      | Mangled by an ogre

Illustrated notes

Levels and vault maps discovered:
D:1:      mrwooster_arrival_statue_2, layout_basic, hex_intersection,
          minmay_circled_x
D:2:      layout_basic
D:3:      layout_rooms, portal_sewer_entry_f, minmay_misc_feat_nine_boxes,
          grunt_ministairs_6
D:4:      layout_loops_cross, nicolae_wu_jian_wuxing_cycle,
          minmay_misc_feat_cross

Skill      XL: |  1  2  3  4  5 |
---------------+----------------+-----
Dodging        | 2 3 |  3.4
Translocations | 4 5 |  5.7
Fighting       | 3 |  3.9
Polearms       | |  1.7
Throwing       | |  0.8
Armour         | |  0.8
Spellcasting   | |  1.7

Action                     |  1- 3 |  4- 6 || total
---------------------------+-------+-------++-------
  Melee: Spear             |   131 |   200 ||   331
         Dagger            |   103 |   180 ||   283
  Throw: Dart              |       |    16 ||    16
   Cast: Maxwell's Portabl |       |     2 ||     2
    Use: Scroll            |       |     2 ||     2
         Potion            |       |     7 ||     7
   Stab: Sleeping          |     2 |       ||     2
 Armour: Leather armour    |    54 |   108 ||   162
  Dodge: Dodged            |    61 |   103 ||   164

Table legend: (Time is in decaauts)
 A = Elapsed time spent in this place.
 B = Non-inter-level travel time spent in this place.
 C = Inter-level travel time spent in this place.
 D = Time resting spent in this place.
 E = Time spent auto-exploring this place.
 F = Levels seen in this place.
 G = Mean time per level.
                   A        B        C        D        E       F      G
               +--------+--------+--------+--------+--------+-----+--------+
         Total |   3589 |   3559 |     30 |     70 |   2695 |   5 |  717.8 |
       Dungeon |   2468 |   2438 |     30 |     70 |   1855 |   4 |  617.0 |
         Sewer |   1120 |   1120 |      0 |      0 |    840 |   1 | 1120.0 |
               +--------+--------+--------+--------+--------+-----+--------+

Top non-repeatable levels by time:
   Sewer: 1120 daAuts
     D:2: 967 daAuts
     D:3: 764 daAuts
     D:1: 677 daAuts
     D:4: 59 daAuts
